 Dungeon Crawl Stone Soup version 0.14.2 (webtiles) character file.

94210 rftp080 the Fighter (level 15, 0/138 HPs)
             Began as a Mottled Draconian Wizard on June 6, 2016.
             Was the Champion of Vehumet.
             Slain by a redback (9 damage)
             ... on Level 1 of the Spider Nest on June 21, 2016.
             The game lasted 02:56:47 (32287 turns).

rftp080 the Fighter (Mottled Draconian Wizard)     Turns: 32287, Time: 02:56:49

HP   0/138       AC 18     Str  9      XL: 15   Next: 58%
MP  35/35        EV 15     Int 26      God: Vehumet [******]
Gold 1729        SH 11     Dex 12      Spells:  9 memorised,  2 levels left

rFire  . . .     SeeInvis +     P - +7,+5 falchion "Plog" {slice, +Inv +Fly rPois Dex+3}
rCold  . . .     Clarity  .     (armour unavailable)
rNeg   . . .     Conserve +     T - +0 buckler
rPois  +         rCorr    .     Q - +2 hat
rElec  .         rRot     .     C - +2 cloak
SustAb . .       Spirit   .     e - +2 pair of gloves {archer}
rMut   .         Warding  .     E - +0 pair of boots {Stlth+}
Saprov . . .     Stasis   .     c - amulet of conservation
MR     +....                    p - ring of see invisible
                                l - ring of wizardry

@: repel missiles, lethally poisoned, somewhat resistant to hostile
enchantments, stealthy
A: breathe sticky flames, unfitting armour, AC +9
a: Breathe Sticky Flame, Renounce Religion, Evoke Invisibility, Evoke Flight


You were on level 1 of the Spider Nest.
You worshipped Vehumet.
Vehumet was exalted by your worship.
You were near starving.

You visited 5 branches of the dungeon, and saw 25 of its levels.
You also visited: Labyrinth, Bailey, Ice Cave and Volcano.

You collected 2504 gold pieces.
You spent 775 gold pieces at shops.

Inventory:

Hand weapons
 P - the +7,+5 falchion "Plog" (weapon) {slice, +Inv +Fly rPois Dex+3}
   (You took it off a hobgoblin on level 7 of the Dungeon)

   It inflicts extra damage upon your enemies.
   It affects your dexterity (+3).
   It protects you from poison.
   It lets you turn invisible.
   It lets you fly.
Armour
 e - a +2 pair of gloves of archery (worn)
 C - a +2 cloak (worn)
 E - a +0 pair of boots of stealth (worn)
 Q - a +2 hat (worn)
 T - a +0 buckler (worn)
Magical devices
 b - a wand of teleportation (2)
 i - a wand of lightning (8)
 n - a wand of cold (4)
 y - a wand of heal wounds (9)
Comestibles
 d - 6 bread rations
Scrolls
 a - 3 scrolls of blinking
 f - a scroll of recharging
 k - a scroll of magic mapping
 t - 2 scrolls of remove curse
 v - a scroll of vulnerability
 x - 2 scrolls of teleportation
 G - 2 scrolls of identify
Jewellery
 c - an amulet of conservation (around neck)
 l - a ring of wizardry (left hand)
 p - a ring of see invisible (right hand)
 r - an uncursed ring of flight
 w - an uncursed ring of wizardry
 F - a +5,+3 ring of slaying
 I - an uncursed amulet of clarity
 S - an uncursed ring of protection from magic
 X - an uncursed ring of protection from cold
Potions
 h - a potion of berserk rage
 j - 6 potions of curing
 u - a potion of invisibility
 z - 2 potions of haste
 B - a potion of resistance {unknown}
 D - 6 potions of heal wounds
 M - 2 potions of restore abilities
Books
 m - a book of Cantrips

   Spells                             Type                      Level
   Confusing Touch                    Hexes                        1
   Animate Skeleton                   Necromancy                   1
   Summon Small Mammal                Summoning                    1
   Apportation                        Translocation                1
 q - a book of Enchantments

   Spells                             Type                      Level
   Cause Fear                         Hexes                        4
   Silence                            Hexes/Air                    5
   Tukima's Dance                     Hexes                        5
   Deflect Missiles                   Charms/Air                   6
   *Haste                             Charms                       6
   Discord                            Hexes                        8


   Skills:
 - Level 14.1 Fighting
   Level 4.8 Staves
 - Level 7.7 Dodging
 - Level 1.8 Stealth
 - Level 7.1 Shields
 + Level 13.0 Spellcasting
 - Level 10.6 Conjurations
 - Level 9.6 Charms
   Level 1.0 Summonings
   Level 1.0 Translocations
 - Level 8.9 Fire Magic
 - Level 1.3 Air Magic
 - Level 1.0 Poison Magic
 - Level 1.8 Evocations


You had 2 spell levels left.
You knew the following spells:

 Your Spells              Type           Power        Failure   Level  Hunger
a - Magic Dart            Conj           ####         1%          1    None
b - Iron Shot             Conj/Erth      #####.....   10%         6    #####..
c - Mephitic Cloud        Conj/Pois/Air  #####...     1%          3    None
d - Haste                 Chrm           ######..     4%          6    #####..
e - Repel Missiles        Chrm/Air       #####.       1%          2    None
g - Sticky Flame          Conj/Fire      ######..     1%          4    None
h - Fireball              Conj/Fire      ######....   1%          5    #......
i - Bolt of Draining      Conj/Necr      #####.....   1%          5    #......
j - Bolt of Fire          Conj/Fire      ######....   1%          6    #####..


Dungeon Overview and Level Annotations

Branches:
Dungeon (10/15)            Temple (1/1) D:6             Orc (4/4) D:10
    Elf (0/3) Orc:3          Lair (8/8) D:9           Swamp (0/5) Lair:5
 Spider (2/5) Lair:3        Slime (0/6) Lair:7

Altars:
Ashenzari
Cheibriados
Dithmenos
Elyvilon
Fedhas
Kikubaaqudgha
Makhleb
Nemelex Xobeh
Okawaru
Sif Muna
Trog
Vehumet
Xom
Yredelemnul
Zin
The Shining One
Beogh
Jiyva

Shops:
D:9 ?}*   Orc:1 :   Orc:4 :[(


Message History

* * * LOW HITPOINT WARNING * * *
You are poisoned.
The redback poisons you! You partially resist.
The jumping spider completely misses you.
You block the jumping spider's attack. The redback misses you.
The jumping spider misses you.
The jumping spider bites you but does no damage.
Eat which item? (? for menu, Esc to quit)
That grape was delicious!
You feel sick. You block the redback's attack.
You block the jumping spider's attack. x2
Unknown command.
Eat which item? (? for menu, Esc to quit)
That grape was delicious!
You are near starving!
You feel sick. The redback closely misses you.
The jumping spider pounces on you!
* * * LOW HITPOINT WARNING * * *
The jumping spider bites you but does no damage.
The redback bites you!
You die...

##....^...........#####.s........
###.#####.........#.....s........
#.###...##.......................
#...#............................
...............###..###s....#####
#.............^#...##............
##.^.........###...#.............
#.####...####.%ss###......#...>.
###......#.....@##........#^..#.
#.......#......#.........#...#.
#......####....#..###....#...#.
#.....##..#....####......#...#.
##...##.......##.........#...#.
#.###.......##....#.....##..#.
###.....#..##.....#.#....####.
#......####......###.....##..
###.....#.........#.....####.


You could see a jumping spider and a redback.

Vanquished Creatures
  Gastronok (D:8)
  An orc warlord (Orc:4)
  A minotaur (Lab)
  Harold (Orc:2)
  An ogre mage (Volcano)
  4 hydras
  Erica (Lair:1)
  3 death yaks (Lair:8)
  3 orc high priests (Orc:4)
  2 ice devils (IceCv)
  3 orb spiders (Spider:1)
  3 ice statues
  A necromancer (IceCv)
  Pikel (D:6)
  Joseph (Orc:1)
  6 wolf spiders
  An oklob plant (Lair:5)
  4 orc knights (Orc:4)
  4 orc sorcerers
  19 elephants
  2 red wasps (Spider:1)
  Maurice (Orc:2)
  2 feature mimics
  2 black mambas
  A queen ant (D:8)
  Psyche (D:9)
  A gargoyle (D:10)
  6 spiny frogs
  5 demonic crawlers
  4 fire drakes
  A centaur zombie (D:10)
  7 jumping spiders (Spider:1)
  A troll (Orc:4)
  7 blue devils (IceCv)
  7 komodo dragons
  5 polar bears (Lair:8)
  5 two-headed ogres (Volcano)
  2 blink frogs (Lair:8)
  Sonja (Orc:2)
  Prince Ribbit (D:6)
  4 boulder beetles
  A deep elf mage (D:9)
  2 basilisks
  10 grizzly bears
  11 trapdoor spiders
  20 redbacks
  5 elephant slugs
  3 fire bats (Lair:5)
  Eustachio (Orc:1)
  6 tarantellas
  7 sharks
  A wyvern (Lair:8)
  45 yaks
  A human (D:7)
  8 hippogriffs
  17 soldier ants
  15 water moccasins
  30 wolves
  A hungry ghost (D:10)
  4 hell hounds (Lair:8)
  8 wargs
  A necrophage (D:3)
  6 sky beasts
  9 porcupines
  2 giant goldfish
  31 orc warriors
  7 black bears
  8 spiders
  2 slaves (D:6)
  3 phantoms
  A centaur (D:6)
  4 boring beetles
  8 ogres
  A big kobold (D:8)
  A dwarf (D:8)
  Sigmund (D:6)
  Duvessa (D:6)
  5 giant slugs
  14 crocodiles
  Blork the orc (D:8)
  A gnoll sergeant (D:10)
  14 giant frogs
  6 scorpions
  A troll zombie (D:10)
  5 killer bees (D:7)
  5 wights (D:10)
  An eye of draining (D:8)
  2 electric eels (D:9)
  4 crimson imps
  3 goliath beetles
  Dowan (D:6)
  19 hounds
  A quasit (D:9)
  3 draconian simulacra (IceCv)
  24 orc priests
  A giant frog skeleton (D:4)
  Crazy Yiuf (D:5)
  A spriggan simulacrum (IceCv)
  2 big fish (D:9)
  5 iguanas
  2 jellies
  2 troll simulacra (IceCv)
  An elf skeleton (D:10)
  36 orc wizards
  25 worker ants
  11 sheep
  2 centaur simulacra (IceCv)
  7 ogre zombies (D:10)
  A crocodile skeleton (D:9)
  A mummy (D:8)
  A naga simulacrum (IceCv)
  An ogre simulacrum (IceCv)
  17 adders
  23 gnolls
  34 green rats
  A gnoll skeleton (D:7)
  2 shadow imps
  A white imp (Orc:1)
  3 giant mites
  3 worms
  An adder zombie (D:5)
  6 orc skeletons
  A giant eyeball (D:7)
  8 giant geckos
  An ooze (D:1)
  159 orcs
  7 ball pythons
  19 bats
  A bat zombie (D:6)
  5 giant cockroaches
  36 hobgoblins
  30 jackals
  28 kobolds
  9 quokkas
  A giant cockroach zombie (D:5)
  14 giant newts
  A giant spore (D:8)
  26 goblins
  A goblin skeleton (D:10)
  3 goblin zombies (D:10)
  3 hobgoblin skeletons (D:10)
  2 hobgoblin zombies
  A kobold skeleton (D:5)
  21 orc zombies
  27 rats
  8 ballistomycetes
  4 bushes
  7 fungi
  8 plants
1141 creatures vanquished.

Vanquished Creatures (collateral kills)
  A redback (Spider:1)
  2 soldier ants (D:8)
  A giant slug (Lair:8)
  A sheep (D:7)
  A goblin (D:7)
6 creatures vanquished.

Vanquished Creatures (others)
  A sky beast (D:6)
  A scorpion (D:6)
  An orc zombie (Orc:4)
  A sheep zombie (D:7)
  3 giant spores (D:6)
  A goblin (D:2)
  7 fungi
  6 plants
21 creatures vanquished.

Grand Total: 1168 creatures vanquished

Notes
Turn   | Place    | Note
--------------------------------------------------------------
     0 | D:1      | rftp080, the Draconian Wizard, began the quest for the Orb.
     0 | D:1      | Reached XP level 1. HP: 14/14 MP: 4/4
   518 | D:1      | Reached XP level 2. HP: 11/20 MP: 0/6
   769 | D:1      | Learned a level 2 spell: Blink
  1232 | D:1      | Reached XP level 3. HP: 26/26 MP: 1/7
  1576 | D:2      | Found a white marble altar of Elyvilon.
  1929 | D:2      | Learned a level 3 spell: Mephitic Cloud
  2516 | D:3      | Reached XP level 4. HP: 33/33 MP: 3/9
  2731 | D:3      | Reached skill level 4 in Conjurations
  3546 | D:4      | Reached XP level 5. HP: 35/38 MP: 7/11
  3582 | D:4      | Reached skill level 5 in Conjurations
  3829 | D:4      | Learned a level 3 spell: Conjure Flame
  4095 | D:5      | Entered Level 5 of the Dungeon
  4099 | D:5      | Noticed a necrophage
  4214 | D:3      | Killed a necrophage
  4214 | D:3      | Reached skill level 6 in Conjurations
  4214 | D:3      | Reached XP level 6. HP: 39/45 MP: 5/12
  4428 | D:5      | Noticed a sky beast
  4452 | D:5      | Killed a sky beast
  4452 | D:5      | Reached skill level 7 in Conjurations
  4649 | D:5      | Your scales start taking on a weird mottled pattern.
  4649 | D:5      | Reached XP level 7. HP: 50/50 MP: 1/14
  4765 | D:5      | Reached skill level 1 in Fire Magic
  4783 | D:5      | Found a glowing golden altar of the Shining One.
  4837 | D:5      | Found an ancient bone altar of Kikubaaqudgha.
  4840 | D:5      | Found a shadowy altar of Dithmenos.
  4967 | D:5      | Learned a level 2 spell: Repel Missiles
  5584 | D:5      | Noticed Crazy Yiuf
  5591 | D:5      | Killed Crazy Yiuf
  5912 | D:6      | Noticed Duvessa
  5912 | D:6      | Noticed Dowan
  6059 | D:6      | Killed Dowan
  6065 | D:6      | Killed Duvessa
  6065 | D:6      | Reached skill level 5 in Spellcasting
  6273 | D:6      | Reached XP level 8. HP: 57/57 MP: 12/20
  6277 | D:6      | Noticed Prince Ribbit
  6295 | D:6      | Killed Prince Ribbit
  6490 | D:6      | Found a staircase to the Ecumenical Temple.
  6517 | Temple   | Entered the Ecumenical Temple
  6566 | Temple   | Became a worshipper of Vehumet
  6596 | D:6      | Noticed Sigmund
  6607 | D:6      | Killed Sigmund
  6607 | D:6      | Reached skill level 1 in Staves
  6612 | D:6      | Reached skill level 1 in Poison Magic
  6937 | D:6      | Reached skill level 1 in Fighting
  7089 | D:6      | Noticed Pikel
  7100 | D:6      | Killed Pikel
  7100 | D:6      | Reached skill level 1 in Air Magic
  7166 | D:6      | Reached XP level 9. HP: 52/67 MP: 23/23
  7890 | D:7      | Reached skill level 8 in Conjurations
  7927 | D:7      | Found a flagged portal.
  7936 | Bailey   | Entered a bailey
  7974 | Bailey   | Acquired Vehumet's first power
  7974 | Bailey   | Offered knowledge of Sting by Vehumet.
  8319 | Bailey   | Offered knowledge of Throw Flame by Vehumet.
  8323 | Bailey   | Learned a level 2 spell: Throw Flame
  8549 | D:7      | Got a bone falchion
  8554 | D:7      | Identified the +7,+5 falchion "Plog" {slice, +Inv +Fly rPois Dex+3} (You took it off a hobgoblin on level 7 of the Dungeon)
  8905 | D:7      | Offered knowledge of Dazzling Spray by Vehumet.
  8939 | D:7      | Reached skill level 5 in Fire Magic
  9006 | D:7      | Acquired Vehumet's second power
  9338 | D:8      | Offered knowledge of Static Discharge by Vehumet.
  9338 | D:8      | Reached XP level 10. HP: 77/77 MP: 13/25
  9697 | D:8      | Reached skill level 9 in Conjurations
  9839 | D:8      | Acquired Vehumet's third power
 10091 | D:8      | Noticed a queen ant
 10157 | D:8      | Noticed Blork the orc
 10158 | D:8      | Offered knowledge of Fulminant Prism by Vehumet.
 10653 | D:8      | Killed Blork the orc
 10927 | D:8      | Killed a queen ant
 10927 | D:8      | Reached skill level 5 in Dodging
 11046 | D:8      | Reached skill level 1 in Evocations
 11145 | D:8      | Reached skill level 5 in Fighting
 11334 | D:8      | Noticed Gastronok
 11345 | D:8      | Killed Gastronok
 11345 | D:8      | Reached skill level 1 in Charms
 11345 | D:8      | Reached XP level 11. HP: 60/88 MP: 17/28
 11351 | D:8      | Learned a level 4 spell: Sticky Flame
 11357 | D:8      | Learned a level 5 spell: Fireball
 11446 | D:8      | Reached skill level 5 in Shields
 11446 | D:8      | Reached XP level 12. HP: 86/101 MP: 28/28
 11654 | D:9      | Found Irchutuo's Magic Scroll Shoppe.
 12203 | D:9      | Noticed Psyche
 12211 | D:9      | Killed Psyche
 12216 | D:9      | Found Enkuwau's Gadget Emporium.
 12335 | D:9      | Found Wun Agur's General Store.
 12346 | D:9      | Offered knowledge of Bolt of Draining by Vehumet.
 12409 | D:9      | Bought a wand of heal wounds (4) for 528 gold pieces
 12562 | D:9      | Found a staircase to the Lair.
 12674 | Lair:1   | Entered Level 1 of the Lair of Beasts
 12812 | Lair:1   | Noticed an eight-headed hydra
 12817 | Lair:1   | Killed an eight-headed hydra
 12845 | Lair:1   | Noticed Erica
 13082 | Lair:1   | Killed Erica
 13082 | Lair:1   | Reached skill level 10 in Fighting
 13669 | D:9      | Bought a +2 pair of gloves of archery for 247 gold pieces
 14247 | Lair:2   | Reached skill level 11 in Fighting
 14825 | Lair:3   | Found an ancient bone altar of Kikubaaqudgha.
 15373 | Lair:3   | Reached XP level 13. HP: 112/117 MP: 29/31
 15400 | Lair:3   | Reached skill level 12 in Fighting
 15421 | Lair:3   | Learned a level 5 spell: Bolt of Draining
 15462 | Lair:3   | Found a hole to the Spider Nest.
 15514 | Lair:3   | Reached skill level 10 in Spellcasting
 15548 | Lair:3   | Offered knowledge of Airstrike by Vehumet.
 17070 | Lair:5   | Found a labyrinth entrance.
 17088 | Lab      | Entered a labyrinth
 17501 | Lab      | Got a warped silver ring
 17625 | Lair:5   | Found a dark tunnel.
 17645 | Volcano  | Entered a volcano
 17761 | Volcano  | Reached skill level 10 in Conjurations
 18152 | Lair:5   | Found a staircase to the Swamp.
 18456 | Lair:5   | Reached skill level 13 in Fighting
 18572 | Lair:5   | Identified the ring of the Swan {Dex-4 Int+3} (You found it in a labyrinth)
 18603 | Lair:6   | Found a frozen archway.
 18626 | IceCv    | Entered an ice cave
 20000 | Lair:6   | Offered knowledge of Force Lance by Vehumet.
 20840 | Lair:7   | Reached XP level 14. HP: 127/130 MP: 26/33
 20906 | Lair:7   | Found a viscous altar of Jiyva.
 20906 | Lair:7   | Found a staircase to the Slime Pits.
 21778 | Lair:8   | Entered Level 8 of the Lair of Beasts
 22030 | Lair:8   | Reached skill level 14 in Fighting
 23155 | Lair:8   | Offered knowledge of Bolt of Fire by Vehumet.
 23424 | Lair:8   | Learned a level 6 spell: Bolt of Fire
 24315 | Lair:2   | Learned a level 6 spell: Haste
 24400 | D:9      | Reached skill level 5 in Charms
 24622 | D:10     | Entered Level 10 of the Dungeon
 25305 | D:10     | Found a staircase to the Orcish Mines.
 25668 | Orc:1    | Entered Level 1 of the Orcish Mines
 25819 | Orc:1    | Found a shimmering altar of Xom.
 26093 | Orc:1    | Offered knowledge of Delayed Fireball by Vehumet.
 26138 | Orc:1    | Noticed Eustachio
 26143 | Orc:1    | Killed Eustachio
 26171 | Orc:1    | Found Giekh's Book Emporium.
 26210 | Orc:1    | Noticed Joseph
 26213 | Orc:1    | Killed Joseph
 26354 | Orc:2    | Noticed Sonja
 26364 | Orc:2    | Killed Sonja
 26483 | Orc:2    | Noticed Maurice
 26486 | Orc:2    | Killed Maurice
 26691 | Orc:2    | Noticed Harold
 26699 | Orc:2    | Killed Harold
 26835 | Orc:3    | Found a staircase to the Elven Halls.
 27278 | Orc:4    | Entered Level 4 of the Orcish Mines
 27410 | Orc:4    | Found a roughly hewn altar of Beogh.
 27665 | Orc:4    | Offered knowledge of Conjure Ball Lightning by Vehumet.
 28320 | Orc:4    | Reached XP level 15. HP: 138/138 MP: 26/34
 28722 | Orc:4    | Noticed an orc warlord
 28728 | Orc:4    | Killed an orc warlord
 28981 | Orc:4    | Offered knowledge of Iron Shot by Vehumet.
 29379 | Orc:4    | Found Vieprit's General Store.
 29380 | Orc:4    | Paralysed by an orc sorcerer for 2 turns
 29401 | Orc:4    | Found Idaef's Book Shop.
 29402 | Orc:4    | Found Yhusuuwk's Antique Armour Shop.
 29402 | Orc:4    | Found Ceuk's Antique Weapon Boutique.
 29414 | Orc:4    | Vieprit's General Store was a mimic.
 29719 | Spider:1 | Entered Level 1 of the Spider Nest
 30043 | Lair:2   | Learned a level 6 spell: Iron Shot
 31671 | Spider:1 | Offered knowledge of Lehudib's Crystal Spear by Vehumet.
 31671 | Spider:1 | Offered knowledge of Chain Lightning by Vehumet.
 31671 | Spider:1 | Offered knowledge of Tornado by Vehumet.
 32287 | Spider:1 | Slain by a redback

Action                   |  1- 3 |  4- 6 |  7- 9 | 10-12 | 13-15 || total
-------------------------+-------+-------+-------+-------+-------++-------
Melee: Unarmed           |     8 |       |       |       |       ||     8
       Mace              |    44 |       |       |       |       ||    44
       Spear             |       |    56 |    25 |       |       ||    81
       Quarterstaff      |       |       |   126 |   117 |       ||   243
       Falchion          |       |       |   113 |   454 |  1134 ||  1701
 Cast: Magic Dart        |    91 |   103 |   315 |   119 |     2 ||   630
       Blink             |       |     4 |       |     1 |     1 ||     6
       Conjure Flame     |       |     3 |     5 |     4 |     3 ||    15
       Mephitic Cloud    |       |     3 |    27 |   100 |   118 ||   248
       Repel Missiles    |       |       |     2 |       |     4 ||     6
       Throw Flame       |       |       |    13 |    48 |       ||    61
       Fireball          |       |       |       |    36 |   214 ||   250
       Sticky Flame      |       |       |       |    19 |   171 ||   190
       Bolt of Fire      |       |       |       |       |    82 ||    82
       Iron Shot         |       |       |       |       |    15 ||    15
 Abil: Breathe Sticky Fl |       |       |     3 |     9 |    39 ||    51
Evoke: Wand              |       |       |     1 |     1 |     8 ||    10
  Use: Scroll            |     2 |       |    15 |     9 |    18 ||    44
       Potion            |       |     3 |       |     4 |     6 ||    13
 Stab: Confused          |       |     2 |     9 |    30 |    22 ||    63
       Paralysed         |       |       |       |     5 |       ||     5
       Sleeping          |       |       |       |     1 |     6 ||     7
